[Event "Titled Tuesday Blitz May 30 Early 2023"]
[White "Girsh, Daniel"]
[Black "Goryachkina, Aleksandra"]
[WhiteFideId "30949190"]
[BlackFideId "4147103"]
[WhiteElo "2075"]
[BlackElo "2471"]
[Result "1-0"]
[Round "05"]
[TimeControl "180+2"]
[Date "2023.05.30"]
[WhiteClock "0:00:23"]
[BlackClock "0:00:00"]

1. c4 e6 2. Nc3 d5 3. d4 h6 4. Nf3 Nf6 5. Bf4 dxc4 6. e3 Bd6 7. Bxc4 Bxf4 8. exf4 O-O 9. O-O Nbd7 10. Qe2 Nb6 11. Bb3 Bd7 12. Ne5 Bc6 13. Nxc6 bxc6 14. Rad1 Qd6 15. g3 a5 16. Rfe1 a4 17. Bc2 a3 18. b3 Nbd5 19. Ne4 Nxe4 20. Qxe4 g6 21. Qf3 Rfd8 22. h4 h5 23. Bb1 Kg7 24. Kh2 Nf6 25. Rc1 Ra6 26. Rc4 Qd5 27. Qxd5 Rxd5 28. Rec1 Rd6 29. Kg2 Kf8 30. Bd3 Ke7 31. Be2 Kd7 32. Bf3 Nd5 33. Kf1 Ne7 34. Ke2 Ra5 35. Kd3 f6 36. Ra4 Rxa4 37. bxa4 e5 38. fxe5 fxe5 39. Rc4 c5 40. Rxc5 Rxd4+ 41. Kc3 Rxa4 42. Rxe5 Ra6 43. Kb3 Kd6 44. Re3 c5 45. Be2 Ra7 46. Bc4 Nc6 47. Re6+ Kd7 48. Rxg6 Na5+ 49. Kc3 Nc6 50. Rg7+ Ne7 51. Rg5 Kd6 52. Rxh5 Rb7 53. Bb3 Rb4 54. Rh6+ Kd7 55. g4 Rf4 56. g5 Rf3+ 57. Kc4 Rxf2 58. Kxc5 Nf5 59. Rf6 Ke7 60. Rf7+ Ke8 61. g6 Rf1 62. g7 Rc1+ 63. Kb4 1-0


[Site "https://www.chess.com"]

[Event "Titled Tuesday Blitz May 30 Early 2023"]
[White "Levitskiy, Andrey"]
[Black "Begunov, Konstantin"]
[WhiteFideId "14132885"]
[BlackFideId "4118510"]
[WhiteElo "2347"]
[BlackElo "2050"]
[Result "1-0"]
[Round "05"]
[TimeControl "180+2"]
[Date "2023.05.30"]
[WhiteClock "0:00:14"]
[BlackClock "0:00:00"]

1. e4 c5 2. Nf3 d6 3. d4 cxd4 4. Nxd4 Nf6 5. Nc3 a6 6. h3 b5 7. g4 Bb7 8. Bg2 e6 9. a3 Qc7 10. O-O Be7 11. f4 Nc6 12. Nde2 h6 13. f5 e5 14. Be3 Na5 15. b3 Rc8 16. Qd2 Bc6 17. Ng3 Ba8 18. Na2 O-O 19. Rac1 Nh7 20. Qf2 Qb8 21. Nh5 Bg5 22. h4 Bxe3 23. Qxe3 Qc7 24. f6 Qc5 25. Qxc5 dxc5 26. Nxg7 Nxf6 27. Nf5 Nxg4 28. Ne7+ Kg7 29. Nxc8 Rxc8 30. Bh3 h5 31. Nc3 b4 32. axb4 cxb4 33. Ne2 Nc6 34. Ng3 Kg6 35. Bxg4 hxg4 36. h5+ 1-0


[Site "https://www.chess.com"]

[Event "Titled Tuesday Blitz May 30 Early 2023"]
[White "Koutlas, Nikolaos"]
[Black "Jeet, Jain"]
[WhiteFideId "25827138"]
[BlackFideId "5073022"]
[WhiteElo "2215"]
[BlackElo "2067"]
[Result "0-1"]
[Round "05"]
[TimeControl "180+2"]
[Date "2023.05.30"]
[WhiteClock "0:00:01"]
[BlackClock "0:00:31"]

1. Nf3 c5 2. g3 Nc6 3. Bg2 d6 4. O-O Bd7 5. c4 Qc8 6. d4 Bh3 7. dxc5 dxc5 8. Nc3 Nf6 9. Bf4 Bxg2 10. Kxg2 Nh5 11. Be3 e6 12. Ne4 b6 13. Qa4 Qc7 14. Rad1 Rc8 15. Rd3 h6 16. Rfd1 f5 17. Nd6+ Bxd6 18. Rxd6 O-O 19. Rxe6 f4 20. Bd2 Qd7 21. Re4 Rcd8 22. Bc1 Qxd1 23. Qxc6 Qxc1 24. Qg6 Qb1 25. Qxh5 Qxe4 0-1


[Site "https://www.chess.com"]

[Event "Titled Tuesday Blitz May 30 Early 2023"]
[White "Grave, Jacob Templen"]
[Black "Girya, Olga"]
[WhiteFideId "1542656"]
[BlackFideId "4195752"]
[WhiteElo "2189"]
[BlackElo "2263"]
[Result "1/2-1/2"]
[Round "05"]
[TimeControl "180+2"]
[Date "2023.05.30"]
[WhiteClock "0:00:02"]
[BlackClock "0:00:04"]

1. e4 e5 2. Nf3 Nc6 3. d4 exd4 4. Bc4 Bc5 5. c3 Nf6 6. e5 d5 7. Bb5 Ne4 8. cxd4 Bb6 9. O-O Bg4 10. Be3 O-O 11. Bxc6 bxc6 12. h3 Bxf3 13. Qxf3 f6 14. exf6 Qxf6 15. Qxf6 Rxf6 16. Rc1 Raf8 17. f3 Ng3 18. Rd1 Re6 19. Bf2 Ne2+ 20. Kf1 Rfe8 21. Na3 Nf4 22. Rac1 Re2 23. Rc2 Rxc2 24. Nxc2 Re2 25. Nb4 Rxb2 26. Nxc6 Rxa2 27. Be3 Ne6 28. Ne7+ Kf7 29. Nxd5 c6 30. Nxb6 axb6 31. d5 cxd5 32. Bxb6 Rb2 33. Bd4 Rb4 34. Bc3 Rc4 35. Be1 d4 36. Ke2 Nc5 37. Bf2 Rc2+ 38. Rd2 d3+ 39. Kd1 Nb3 40. Rxc2 dxc2+ 41. Kxc2 Na5 42. Kd3 Ke6 43. Be3 Nb7 44. g4 Nd6 45. Bd4 g6 46. Ke3 h5 47. f4 hxg4 48. hxg4 Nb5 49. Ke4 Nd6+ 50. Kf3 Kd5 51. Be5 Nc4 52. Bg7 Nd2+ 53. Ke3 Nc4+ 54. Kf3 Nd2+ 55. Ke3 Nc4+ 56. Kd3 Nb6 57. Bd4 Nd7 58. f5 gxf5 59. gxf5 Nf8 60. Bg7 Nd7 61. Ke3 Nc5 62. Kf4 Nd7 63. Kg5 Ke4 64. Kg6 Kf4 65. Bh6+ Kg4 66. Bg7 Kf4 67. Bc3 Ke4 68. f6 Nxf6 1/2-1/2


[Site "https://www.chess.com"]

[Event "Titled Tuesday Blitz May 30 Early 2023"]
[White "Schuh, Karsten"]
[Black "Makaraci, Tunahan"]
[WhiteFideId "4637950"]
[BlackFideId "6356559"]
[WhiteElo "2138"]
[BlackElo "2160"]
[Result "1-0"]
[Round "05"]
[TimeControl "180+2"]
[Date "2023.05.30"]
[WhiteClock "0:00:20"]
[BlackClock "0:00:13"]

1. Nf3 d5 2. c4 e6 3. g3 c5 4. Bg2 Nc6 5. O-O Nf6 6. cxd5 exd5 7. d4 cxd4 8. Nxd4 Bc5 9. Nxc6 bxc6 10. Qc2 Nd7 11. b4 Bd4 12. Bb2 Bxb2 13. Qxb2 O-O 14. Nd2 Re8 15. e3 Nf6 16. Rfc1 Bd7 17. Nf3 Rb8 18. Nd4 Qb6 19. Rab1 a5 20. a3 axb4 21. axb4 h5 22. Nf3 Ne4 23. Qd4 Qd8 24. Ne5 Re6 25. Bxe4 dxe4 26. Nxd7 Rb5 27. Nc5 Rd6 28. Qxe4 Rf6 29. Rd1 Qa8 30. Ra1 Qc8 31. Kg2 g6 32. Rd4 Kg7 33. Rad1 Qa8 34. Rd8 Qa2 35. R1d2 Qa3 36. Qe8 Kh6 37. Qh8+ Kg5 38. Ne4+ 1-0


[Site "https://www.chess.com"]

[Event "Titled Tuesday Blitz May 30 Early 2023"]
[White "MKlose11"]
[Black "Atoufi, Pedram"]
[BlackFideId "12501654"]
[WhiteElo "2624"]
[BlackElo "2228"]
[Result "0-1"]
[Round "05"]
[TimeControl "180+2"]
[Date "2023.05.30"]
[WhiteClock "0:00:00"]
[BlackClock "0:00:05"]

1. e4 e5 2. Nf3 Nf6 3. Bc4 Nc6 4. d4 d6 5. dxe5 dxe5 6. Qxd8+ Nxd8 7. Nxe5 Bd6 8. Nd3 Nxe4 9. O-O O-O 10. Re1 Nc5 11. Nc3 Be6 12. Nxc5 Bxc5 13. Bd3 Bd7 14. Ne4 Ne6 15. Nxc5 Nxc5 16. Bf1 Rae8 17. Be3 Na4 18. b3 Nc3 19. a4 b6 20. Bd3 Nd5 21. Bd2 a5 22. f3 Nb4 23. Bxb4 axb4 24. Rxe8 Rxe8 25. a5 bxa5 26. Rxa5 Rc8 27. Rc5 Be6 28. Kf2 c6 29. Be4 Bd7 30. Ke3 g6 31. g4 Kg7 32. Kd4 Kf6 33. Kc4 Ke6 34. Kxb4 Kd6 35. Kc4 Re8 36. b4 Ra8 37. Kd4 Ra4 38. c3 Ra1 39. Ke3 Rh1 40. Rc4 Rxh2 41. Rd4+ Kc7 42. c4 Rb2 43. c5 h5 44. gxh5 gxh5 45. Kf4 h4 46. Bf5 Bxf5 47. Kxf5 h3 48. Rh4 h2 49. Kf6 Kb7 50. Kxf7 Ka6 51. Rh3 Kb5 52. f4 Kxb4 53. f5 Kxc5 54. f6 Kd5 55. Ke7 Rb7+ 56. Ke8 Ke6 57. Kd8 Rb2 58. Rh6 c5 59. f7+ Kxf7 60. Kc7 c4 61. Kd6 Rb6+ 62. Kc5 Rxh6 63. Kxc4 h1=Q 64. Kd3 Qf3+ 0-1


[Site "https://www.chess.com"]

[Event "Titled Tuesday Blitz May 30 Early 2023"]
[White "Bashirli, Saadat"]
[Black "Rustemov, Alexander"]
[WhiteFideId "13429990"]
[BlackFideId "4119002"]
[WhiteElo "1408"]
[BlackElo "2822"]
[Result "0-1"]
[Round "05"]
[TimeControl "180+2"]
[Date "2023.05.30"]
[WhiteClock "0:00:35"]
[BlackClock "0:01:06"]

1. e4 e6 2. d4 d5 3. Nc3 dxe4 4. Nxe4 Bd7 5. c3 Bc6 6. Qc2 Nd7 7. Nf3 Ngf6 8. Nxf6+ Qxf6 9. Be2 Qg6 10. Qxg6 hxg6 11. Bf4 Bd6 12. Bxd6 cxd6 13. O-O-O Nf6 14. Kb1 Ng4 15. Rhf1 Ke7 16. h3 Nf6 17. Rfe1 Ne4 18. Rf1 f5 19. Bd3 Kf6 20. Rde1 g5 21. Kc1 Rac8 22. Bxe4 Bxe4 23. Re3 b5 24. Kd2 a5 25. Ne1 b4 26. f3 Bd5 27. a3 bxa3 28. bxa3 Rb8 29. Nd3 Rb3 30. a4 Rhb8 31. g4 f4 32. Ree1 Rc8 33. Rc1 Ra3 34. Ra1 Rcxc3 35. Rxa3 Rxa3 36. h4 Rxa4 37. hxg5+ Kxg5 38. Rh1 Rxd4 39. Rh5+ Kf6 40. Ke2 a4 41. g5+ Kg6 42. Rh4 e5 43. Rg4 a3 0-1


[Site "https://www.chess.com"]

[Event "Titled Tuesday Blitz May 30 Early 2023"]
[White "Olenik Campa, Rudi"]
[Black "Molina, Roberto Junio Brito"]
[WhiteFideId "14633264"]
[BlackFideId "2109450"]
[WhiteElo "2249"]
[BlackElo "2376"]
[Result "0-1"]
[Round "05"]
[TimeControl "180+2"]
[Date "2023.05.30"]
[WhiteClock "0:00:02"]
[BlackClock "0:00:24"]

1. e4 c6 2. d4 d5 3. Nc3 dxe4 4. Nxe4 Nd7 5. Nf3 Ngf6 6. Nxf6+ Nxf6 7. Bd3 Bg4 8. c3 Qd5 9. Be2 e6 10. O-O Bd6 11. h3 Bh5 12. c4 Qa5 13. Bd2 Bb4 14. Bxb4 Qxb4 15. Qc2 Bxf3 16. Bxf3 O-O 17. Rad1 Rfd8 18. a3 Qa5 19. Rd3 Rd7 20. Rfd1 Rad8 21. b4 Qb6 22. Qc3 h6 23. g3 a6 24. Qd2 Qc7 25. Qc3 Rd6 26. Kg2 R6d7 27. Kg1 Qd6 28. Be2 b5 29. Bf3 Qc7 30. Kg2 Qb6 31. h4 bxc4 32. Qxc4 Nd5 33. Bxd5 Rxd5 34. Rc1 R8d6 35. a4 Qb7 36. Rcd1 h5 37. Kg1 g6 38. Rb1 a5 39. b5 Qb6 40. Rbd1 cxb5 41. axb5 Rxb5 42. Qc8+ Kg7 43. Qc3 Rdd5 44. Qc4 Rb4 45. Qc3 a4 46. Qa1 Qb5 47. Ra3 Kg8 48. Rf3 Qe2 49. Re3 Qb2 50. Qc1 Qxc1 51. Rxc1 Rbxd4 52. Kg2 Rd7 53. Rc8+ Rd8 54. Ra8 Rxa8 0-1


[Site "https://www.chess.com"]

[Event "Titled Tuesday Blitz May 30 Early 2023"]
[White "Mahdavi, Reza"]
[Black "Senft, Sean"]
[WhiteFideId "12595926"]
[BlackFideId "2044960"]
[WhiteElo "2352"]
[BlackElo "1989"]
[Result "1-0"]
[Round "05"]
[TimeControl "180+2"]
[Date "2023.05.30"]
[WhiteClock "0:01:20"]
[BlackClock "0:00:43"]

1. e4 c5 2. Nf3 d6 3. d4 cxd4 4. Qxd4 Nc6 5. Bb5 Bd7 6. Bxc6 Bxc6 7. Nc3 Nf6 8. Bg5 e6 9. O-O-O h6 10. Bh4 Be7 11. Qd3 Qc7 12. Nd4 a6 13. f3 O-O-O 14. Rhe1 Kb8 15. Bf2 Rc8 16. Qe3 Rcd8 17. Nxc6+ Qxc6 18. Qa7+ Kc7 19. Rd3 Ra8 20. Qe3 Kb8 21. e5 dxe5 22. Qxe5+ Qc7 23. Qe2 Kc8 24. Na4 Nd7 25. Rc3 Qxc3 26. Nxc3 Rd8 27. Rd1 Kc7 28. Qc4+ Kb8 29. Na4 b5 30. Qc6 Ne5 31. Rxd8+ Bxd8 32. Bg3 Bc7 33. Bxe5 Bxe5 34. Nc5 Ra7 35. Nd7+ 1-0


[Site "https://www.chess.com"]

[Event "Titled Tuesday Blitz May 30 Early 2023"]
[White "Mika, Tomasz"]
[Black "Baskakov, Egor"]
[WhiteFideId "1132970"]
[BlackFideId "24197866"]
[WhiteElo "2179"]
[BlackElo "2225"]
[Result "0-1"]
[Round "05"]
[TimeControl "180+2"]
[Date "2023.05.30"]
[WhiteClock "0:00:11"]
[BlackClock "0:00:24"]

1. d4 Nf6 2. Nf3 e6 3. Bf4 d5 4. e3 Be7 5. Nbd2 Ne4 6. Bd3 f5 7. O-O O-O 8. c4 c6 9. Rb1 g5 10. Bg3 Bd7 11. b4 Nc3 12. Qb3 Nxb1 13. Rxb1 f4 14. Bxh7+ Kxh7 15. Qc2+ Kg7 16. Ne5 Be8 17. exf4 gxf4 18. Rb3 Bg5 19. Ndf3 Nd7 20. Nxg5 Qxg5 21. Bxf4 Qxf4 22. Rg3+ Kf6 23. Rf3 Qxf3 24. Nxf3 Bg6 25. Qd2 Kg7 26. c5 Rae8 27. h4 Rf5 28. Ng5 e5 29. dxe5 Nxe5 30. Qc3 Rf4 31. Qh3 Bf5 32. Qc3 d4 33. Qb3 d3 34. Qc3 Rc4 35. Qe1 Rd4 36. Qd1 d2 0-1


[Site "https://www.chess.com"]

[Event "Titled Tuesday Blitz May 30 Early 2023"]
[White "Papadiamandis, Elliot"]
[Black "Liu, Casper"]
[WhiteFideId "36074160"]
[BlackFideId "1454153"]
[WhiteElo "2219"]
[BlackElo "2221"]
[Result "1-0"]
[Round "05"]
[TimeControl "180+2"]
[Date "2023.05.30"]
[WhiteClock "0:00:34"]
[BlackClock "0:00:00"]

1. e4 c5 2. Nc3 d6 3. Nge2 Nf6 4. g3 e5 5. Bg2 Be7 6. d3 O-O 7. O-O Nc6 8. f4 a6 9. h3 b5 10. Be3 Bb7 11. Qd2 Nd4 12. g4 Nd7 13. Ng3 exf4 14. Bxf4 Ne6 15. Be3 Bf6 16. Rab1 Be5 17. Nf5 g6 18. Nh6+ Kg7 19. Nd5 Qh4 20. Nf5+ gxf5 21. gxf5 Qg3 22. Rf3 Qh2+ 23. Kf2 Nd4 24. Rf4 Bxd5 25. exd5 Rae8 26. Rg4+ Kh8 27. Rh1 Nf6 28. Rg5 h6 29. Rxh2 Bxh2 30. Rg4 Nxg4+ 31. hxg4 Re5 32. Bxd4 cxd4 33. Qxh6+ Kg8 34. f6 1-0


[Site "https://www.chess.com"]

[Event "Titled Tuesday Blitz May 30 Early 2023"]
[White "Karas, Marek"]
[Black "Djordjevic, Vuk"]
[WhiteFideId "14928558"]
[BlackFideId "902098"]
[WhiteElo "2233"]
[BlackElo "2452"]
[Result "0-1"]
[Round "05"]
[TimeControl "180+2"]
[Date "2023.05.30"]
[WhiteClock "0:00:08"]
[BlackClock "0:00:03"]

1. Nf3 Nf6 2. c4 e6 3. Nc3 c5 4. g3 b6 5. Bg2 Bb7 6. O-O Be7 7. b3 O-O 8. Bb2 Nc6 9. d4 Nxd4 10. Nxd4 Bxg2 11. Nxe6 fxe6 12. Kxg2 d5 13. cxd5 exd5 14. e3 Qd7 15. Qe2 Rad8 16. Rad1 Qc6 17. Kg1 Qe6 18. Rfe1 Qh3 19. Qf1 Qf5 20. Qg2 Ne4 21. Nxe4 dxe4 22. Qf1 Rd3 23. Qe2 Rfd8 24. Rf1 Qf3 25. Qxf3 exf3 26. Rxd3 Rxd3 27. Rb1 Rd2 28. h3 h5 29. a4 g5 30. g4 hxg4 31. hxg4 Kf7 32. Be5 Ke6 33. Bg3 Kd5 34. Kf1 Bf6 35. Ke1 Re2+ 36. Kf1 Rd2 37. Ke1 Bc3 38. Rd1 Rd3+ 0-1


[Site "https://www.chess.com"]

[Event "Titled Tuesday Blitz May 30 Early 2023"]
[White "Tanmay Jain"]
[Black "Csonka, Balazs"]
[WhiteFideId "45015481"]
[BlackFideId "742910"]
[WhiteElo "2032"]
[BlackElo "2404"]
[Result "1/2-1/2"]
[Round "05"]
[TimeControl "180+2"]
[Date "2023.05.30"]
[WhiteClock "0:00:06"]
[BlackClock "0:00:02"]

1. e4 e5 2. Nf3 Nc6 3. g3 Nf6 4. Nc3 d5 5. exd5 Nxd5 6. Bg2 Nxc3 7. bxc3 Bc5 8. O-O O-O 9. Re1 Qf6 10. Qe2 Bg4 11. h3 Bh5 12. g4 Bg6 13. d3 e4 14. dxe4 Qxc3 15. Bd2 Qa3 16. Be3 Rfe8 17. Nh4 Rad8 18. Nxg6 hxg6 19. Qc4 Bxe3 20. Rxe3 Qb2 21. Rae1 Nd4 22. Qxc7 Rc8 23. Qd7 Nxc2 24. R3e2 Qd4 25. Rd1 Qb6 26. Qd3 Nb4 27. Qb3 Qa6 28. Rb2 Nc6 29. Qxb7 Qa3 30. Qb3 Qc5 31. Qd5 Qe7 32. Rbd2 Ne5 33. Qb3 Nc4 34. Rd7 Qf6 35. R7d5 g5 36. Qg3 Qe7 37. R5d4 Ne5 38. Qb3 Qe6 39. Rd5 f6 40. Qe3 Qf7 41. Qd4 Re7 42. Qb4 Rce8 43. Qb5 Kh8 44. Qe2 Ng6 45. Qd2 Nf4 46. Rd7 Nxg2 47. Kxg2 Qe6 48. Rxe7 Rxe7 49. f3 Kh7 50. Qe2 Qe5 51. Rd2 Re6 52. Qc4 Rb6 53. Qa4 Qc3 54. Qc2 Qe3 55. Re2 Qd4 56. a4 Kh6 57. a5 Rb4 58. Rd2 Qe5 59. Qc8 Kh7 60. Qc6 Rb2 61. Qc1 Rxd2+ 62. Qxd2 a6 63. Qb4 Qa1 64. Qb6 Qa2+ 65. Kg3 Qc4 66. Qb2 Qf1 67. Qf2 Qb1 68. Qb6 Qe1+ 69. Kg2 Qe2+ 70. Qf2 Qd3 71. Qb6 Qe2+ 72. Kg3 Qe1+ 73. Kg2 Qe2+ 1/2-1/2


[Site "https://www.chess.com"]

[Event "Titled Tuesday Blitz May 30 Early 2023"]
[White "Garayev, Kanan"]
[Black "Santos Flores, Alberto"]
[WhiteFideId "13406671"]
[BlackFideId "3601234"]
[WhiteElo "2230"]
[BlackElo "2235"]
[Result "1-0"]
[Round "05"]
[TimeControl "180+2"]
[Date "2023.05.30"]
[WhiteClock "0:00:46"]
[BlackClock "0:00:00"]

1. e4 c5 2. c3 g6 3. d4 cxd4 4. cxd4 d5 5. e5 Nc6 6. Nf3 Bg4 7. Bb5 Bg7 8. O-O e6 9. h3 Bxf3 10. Bxc6+ bxc6 11. Qxf3 Qb6 12. Qc3 Rc8 13. Be3 Ne7 14. Nd2 Nf5 15. Nb3 Nxe3 16. Qxe3 O-O 17. Rfc1 Rfd8 18. Qd2 Rb8 19. Rc2 Bf8 20. Rb1 Qa6 21. Qa5 Rb6 22. Rbc1 Rc8 23. Qxa6 Rxa6 24. a3 Rb6 25. Na5 Bh6 26. Rd1 Bf8 27. b4 Bh6 28. Rd3 Kf8 29. Rdc3 Ke8 30. Nxc6 Ra6 31. Na5 Rxc3 32. Rxc3 Kd7 33. Kf1 Bf8 34. Ke2 Be7 35. Kd3 Rb6 36. g3 g5 37. Nb3 Ra6 38. Na5 Rb6 39. f4 gxf4 40. gxf4 f6 41. Rc2 fxe5 42. fxe5 Rb8 43. Nc6 Rf8 44. Nxe7 Ke8 45. Nc6 1-0


[Site "https://www.chess.com"]

[Event "Titled Tuesday Blitz May 30 Early 2023"]
[White "Camilla_Lee"]
[Black "Sowul, Bartosz"]
[BlackFideId "1137590"]
[WhiteElo "2681"]
[BlackElo "2188"]
[Result "0-1"]
[Round "05"]
[TimeControl "180+2"]
[Date "2023.05.30"]
[WhiteClock "0:00:58"]
[BlackClock "0:00:14"]

1. e4 c5 2. Nf3 d6 3. d4 cxd4 4. Nxd4 Nf6 5. Nc3 Nc6 6. Bc4 e6 7. O-O a6 8. Be3 Qc7 9. Bb3 Na5 10. f4 b5 11. f5 e5 12. Nde2 Bb7 13. Ng3 Nc4 14. Bxc4 Qxc4 15. a3 h5 16. Bg5 h4 17. Nge2 Nxe4 18. Be3 h3 19. Qd3 hxg2 20. Rfe1 Rc8 21. Rad1 Nxc3 22. Nxc3 Qh4 23. Bf4 Qxf4 24. Qg3 Qxg3 25. hxg3 Rh1+ 26. Kf2 Be7 27. Rg1 Rxg1 28. Rxg1 Rxc3 29. bxc3 Bd8 30. Rxg2 Bxg2 31. Kxg2 Ba5 32. Kf3 Bxc3 33. Ke4 Kd7 34. Kd5 Bb2 35. g4 Bxa3 36. g5 Bc5 37. g6 fxg6 38. fxg6 a5 0-1


[Site "https://www.chess.com"]

[Event "Titled Tuesday Blitz May 30 Early 2023"]
[White "Shuvalova, Polina"]
[Black "Kokoszczynski, Jan"]
[WhiteFideId "24171760"]
[BlackFideId "1174460"]
[WhiteElo "2281"]
[BlackElo "2139"]
[Result "1-0"]
[Round "05"]
[TimeControl "180+2"]
[Date "2023.05.30"]
[WhiteClock "0:01:23"]
[BlackClock "0:00:06"]

1. e4 e5 2. Nf3 Nc6 3. Nc3 Nf6 4. d4 exd4 5. Nxd4 Bb4 6. Nxc6 bxc6 7. Bd3 d5 8. exd5 Qe7+ 9. Qe2 Qxe2+ 10. Kxe2 Nxd5 11. Ne4 O-O 12. a3 Be7 13. Re1 Re8 14. Kf1 Rb8 15. b4 Be6 16. c4 Nf6 17. Bb2 Nxe4 18. Rxe4 Bf5 19. Re3 Bf6 20. Bxf6 Bxd3+ 21. Rxd3 gxf6 22. Re1 Rxe1+ 23. Kxe1 Kf8 24. Kd2 Ke7 25. Rh3 h6 26. Kc3 Rg8 27. g3 Rg6 28. Rh4 f5 29. Rf4 Kf6 30. Kd4 Ke6 31. Kc5 Ke5 32. Rf3 Rd6 33. Re3+ Kf6 34. h4 h5 35. Re8 Rd2 36. Kxc6 Rxf2 37. Kxc7 Rf3 38. Rg8 Rxa3 39. c5 Rc3 40. c6 Rc4 41. Kd6 Rxb4 42. c7 Rd4+ 43. Kc5 Rd1 44. c8=Q Rc1+ 45. Kd6 Rxc8 46. Rxc8 f4 47. gxf4 Kf5 48. Rg8 Kxf4 49. Rg5 f5 50. Ke6 1-0


[Site "https://www.chess.com"]

[Event "Titled Tuesday Blitz May 30 Early 2023"]
[White "Kuznetsov, Mikhail"]
[Black "Dehtiarov, Roman"]
[WhiteFideId "4117190"]
[BlackFideId "14186640"]
[WhiteElo "1981"]
[BlackElo "2189"]
[Result "0-1"]
[Round "05"]
[TimeControl "180+2"]
[Date "2023.05.30"]
[WhiteClock "0:00:00"]
[BlackClock "0:00:04"]

1. d4 Nf6 2. Nf3 g6 3. g3 Bg7 4. Bg2 d5 5. O-O O-O 6. c4 dxc4 7. Na3 c3 8. bxc3 c5 9. e3 Nc6 10. Bb2 Bf5 11. Qe2 Qc8 12. Rfd1 Bg4 13. d5 Ne5 14. Nc4 Nfd7 15. h3 Bxf3 16. Bxf3 Nxc4 17. Qxc4 Ne5 18. Qe2 Nxf3+ 19. Qxf3 Qxh3 20. Rd2 Rad8 21. c4 Bxb2 22. Rxb2 b6 23. e4 f5 24. e5 f4 25. Qg2 Qh5 26. Re1 fxg3 27. fxg3 Qg4 28. Re4 Qd1+ 29. Kh2 Rf5 30. g4 Rf1 31. Rf2 Rf8 32. Rxf8+ Rxf8 33. Re2 Qd4 34. Qe4 Rf2+ 35. Kg3 Qxe4 36. Rxe4 Rd2 37. d6 exd6 38. exd6 Rxd6 39. Re7 Rd4 40. Kh4 h6 41. Rxa7 Rxc4 42. Rb7 Rb4 43. a3 Rb3 44. a4 c4 45. Rc7 Rb4 46. Rc6 Kf7 47. Kg3 g5 48. Kf3 Kg7 49. Ke4 c3+ 50. Kf5 Rf4+ 51. Ke5 Rxg4 0-1


[Site "https://www.chess.com"]

[Event "Titled Tuesday Blitz May 30 Early 2023"]
[White "Iskusnyh, Sergei"]
[Black "Hirneise, Jens"]
[WhiteFideId "4120027"]
[BlackFideId "24614734"]
[WhiteElo "2492"]
[BlackElo "2345"]
[Result "1-0"]
[Round "05"]
[TimeControl "180+2"]
[Date "2023.05.30"]
[WhiteClock "0:01:24"]
[BlackClock "0:00:57"]

1. d4 Nf6 2. c4 e6 3. g3 d5 4. Bg2 Bb4+ 5. Bd2 Bxd2+ 6. Nxd2 O-O 7. Ngf3 Qe7 8. O-O Rd8 9. Qc2 c5 10. cxd5 cxd4 11. Nxd4 Nxd5 12. Rac1 Nb6 13. N2b3 Na6 14. a3 e5 15. Nf5 Qf6 16. Ne3 Rb8 17. Na5 h5 18. b4 Bg4 19. Nxb7 Rdc8 20. Nc5 Nxc5 21. bxc5 Nd7 22. c6 Rb6 23. Nd5 1-0


[Site "https://www.chess.com"]

[Event "Titled Tuesday Blitz May 30 Early 2023"]
[White "Colas, Joshua"]
[Black "Sai Han Thiha"]
[WhiteFideId "2044447"]
[BlackFideId "13012290"]
[WhiteElo "2347"]
[BlackElo "1954"]
[Result "1-0"]
[Round "05"]
[TimeControl "180+2"]
[Date "2023.05.30"]
[WhiteClock "0:00:08"]
[BlackClock "0:00:05"]

1. e4 c6 2. Nc3 d5 3. Nf3 Bg4 4. h3 Bxf3 5. Qxf3 e6 6. d4 Nf6 7. Bd3 dxe4 8. Nxe4 Qxd4 9. Be3 Qe5 10. O-O Nxe4 11. Bxe4 Bd6 12. g3 Qf6 13. Qd1 Be5 14. Bc5 Nd7 15. Bd6 Rd8 16. Ba3 Bxb2 17. Bxb2 Qxb2 18. Rb1 Qe5 19. Bd3 Nc5 20. Re1 Qf6 21. Qh5 Nxd3 22. cxd3 Rd7 23. Re4 O-O 24. Rb3 Rfd8 25. Re3 g6 26. Qa5 a6 27. Kg2 Qf5 28. Qb6 Qd5+ 29. Kh2 Qf5 30. Kg2 h5 31. h4 Qd5+ 32. Kh2 a5 33. a4 Qf5 34. Kg2 Qd5+ 35. Kh2 Qd4 36. Qxd4 Rxd4 37. Rxb7 Rxd3 38. Re1 Rd2 39. Kg1 Ra2 40. Ra7 Rxa4 41. Rc1 Rd6 42. Rc5 Ra1+ 43. Kg2 Ra2 44. Rc4 Rdd2 45. Rf4 f5 46. Re7 Re2 47. Rd4 Rxf2+ 48. Kg1 Rg2+ 49. Kf1 Raf2+ 50. Ke1 Ra2 51. Rd8# 1-0


[Site "https://www.chess.com"]

[Event "Titled Tuesday Blitz May 30 Early 2023"]
[White "Fiorito, Francisco"]
[Black "Trifan, Andrei Ioan"]
[WhiteFideId "180165"]
[BlackFideId "12967068"]
[WhiteElo "2341"]
[BlackElo "2208"]
[Result "0-1"]
[Round "05"]
[TimeControl "180+2"]
[Date "2023.05.30"]
[WhiteClock "0:00:06"]
[BlackClock "0:00:35"]

1. d4 Nf6 2. Nc3 d5 3. Bf4 a6 4. e3 e6 5. Nf3 c5 6. dxc5 Bxc5 7. Bd3 Nc6 8. O-O O-O 9. e4 d4 10. e5 dxc3 11. exf6 cxb2 12. fxg7 Re8 13. Rb1 Qf6 14. Qd2 e5 15. Bg5 Qxg7 16. Rfe1 Bg4 17. Nh4 f6 18. Bh6 Qf7 19. Rxb2 Rad8 20. h3 Be6 21. Qe2 Nd4 22. Qe4 Bd5 23. Qg4+ Kh8 24. Nf5 Nxf5 25. Qxf5 Rg8 26. g4 Be6 27. Qe4 Rd4 28. Qe2 Bxg4 29. hxg4 Rdxg4+ 30. Qxg4 Rxg4+ 31. Kf1 Qh5 32. Be3 Qh3+ 33. Ke2 Bxe3 34. fxe3 Rg2+ 35. Kd1 Qf3+ 36. Kc1 Qf2 37. Rh1 Qxe3+ 38. Kb1 Rg1+ 39. Bf1 Qe1# 0-1


[Site "https://www.chess.com"]

[Event "Titled Tuesday Blitz May 30 Early 2023"]
[White "Fan_Of_Chucky"]
[Black "Kleiman, Jake"]
[BlackFideId "2020041"]
[WhiteElo "2452"]
[BlackElo "2603"]
[Result "1-0"]
[Round "05"]
[TimeControl "180+2"]
[Date "2023.05.30"]
[WhiteClock "0:00:09"]
[BlackClock "0:00:03"]

1. d4 Nf6 2. c4 e6 3. Nf3 Bb4+ 4. Bd2 Bxd2+ 5. Nbxd2 O-O 6. e3 d6 7. Bd3 Qe7 8. Qc2 e5 9. O-O Re8 10. Ne4 Nbd7 11. c5 Nxe4 12. Bxe4 Nf6 13. cxd6 cxd6 14. dxe5 dxe5 15. Nd2 Be6 16. Qa4 Red8 17. Rfd1 Nxe4 18. Nxe4 Bd7 19. Qa5 Bc6 20. Qc5 Qxc5 21. Nxc5 Kf8 22. f3 Ke7 23. Kf2 f6 24. Ke1 Rac8 25. Rxd8 Rxd8 26. Rd1 Rc8 27. Rc1 g5 28. b3 h5 29. e4 g4 30. Nd3 Rg8 31. Kf2 h4 32. Nb4 Kd6 33. Nxc6 bxc6 34. g3 hxg3+ 35. hxg3 gxf3 36. Kxf3 Rh8 37. Rc2 Rh1 38. Kg4 Rf1 39. Rc3 a5 40. Rf3 Rxf3 41. Kxf3 Ke6 42. Ke3 Kd6 43. Kd3 Kc5 44. Kc3 Kb5 45. a3 Kc5 46. a4 Kb6 47. Kc4 Kb7 48. Kc5 Kc7 49. g4 Kb7 50. Kd6 Kb6 51. Ke6 Kc5 52. Kxf6 Kd4 53. Kf5 c5 54. g5 Kc3 55. g6 Kxb3 56. g7 c4 57. g8=Q Kb4 58. Qd5 c3 59. Qxe5 c2 60. Qb2+ Kxa4 61. Qxc2+ Ka3 62. Qc3+ 1-0


[Site "https://www.chess.com"]

[Event "Titled Tuesday Blitz May 30 Early 2023"]
[White "Zaitsev, Alexander"]
[Black "Sadykov, Ramil"]
[WhiteFideId "4164490"]
[BlackFideId "24113590"]
[WhiteElo "2373"]
[BlackElo "2245"]
[Result "0-1"]
[Round "05"]
[TimeControl "180+2"]
[Date "2023.05.30"]
[WhiteClock "0:00:00"]
[BlackClock "0:00:48"]

1. e4 c5 2. Nf3 e6 3. g3 Nf6 4. e5 Nd5 5. Bg2 Nc6 6. O-O d6 7. exd6 Bxd6 8. d4 O-O 9. dxc5 Bxc5 10. Qe2 Qe7 11. Rd1 Rd8 12. Nbd2 Nf6 13. Nb3 Rxd1+ 14. Qxd1 Bb6 15. h3 e5 16. Qe2 Bf5 17. Bg5 h6 18. Bxf6 Qxf6 19. Rd1 e4 20. Nh4 Bh7 21. Bxe4 Bxe4 22. Qxe4 Qxf2+ 23. Kh1 Qxg3 24. Qg4 Qe5 25. Nf5 Kh7 26. Rf1 Re8 27. Nd2 Qd5+ 28. Nf3 g6 29. Nh4 Re4 30. Qg3 Ne5 31. Qg2 Nxf3 32. Nxf3 Qe6 0-1


[Site "https://www.chess.com"]